 Dungeon Crawl Stone Soup version 0.28-b1-1-g3c77fb2ed1 (webtiles) character file.

Game seed: 12426814924743615734

81 McKennaii the Conjurer (level 4, -3/33 HPs)
             Began as a Demigod Conjurer on Jan 28, 2022.
             Slain by a wyvern zombie (9 damage)
             ... on level 3 of the Dungeon.
             The game lasted 00:03:30 (3607 turns).

McKennaii the Conjurer (Demigod Conjurer)           Turns: 3607, Time: 00:03:31

Health: -3/33      AC:  8    Str:  8    XL:     4   Next: 0%
Magic:  1/10       EV: 16    Int: 24    God:
Gold:   39         SH:  0    Dex: 12    Spells: 5/8 levels left

rFire   . . .      SeeInvis .   (no weapon)
rCold   . . .      Faith    .   (no shield)
rNeg    . . .      Spirit   .   a - +0 robe
rPois   .          Reflect  .   o - +1 helmet
rElec   .          Harm     .   (no cloak)
rCorr   .          Rampage  .   (no gloves)
Will    .....                   (no boots)
Stlth   ++........              (no amulet)
HPRegen 0.11/turn               i - +4 ring of evasion
MPRegen 0.12/turn               l - +4 ring of protection

@: hasted, very quick
A: high mp 1, forlorn, divine attributes
a: no special abilities


You were on level 3 of the Dungeon.
You visited 1 branch of the dungeon, and saw 3 of its levels.

You collected 120 gold pieces.
You spent 81 gold pieces at shops.

Inventory:

Armour
 a - a +0 robe (worn)
 o - a +1 helmet (worn)
Jewellery
 e - a ring of see invisible
 i - a +4 ring of evasion (left hand)
 l - a +4 ring of protection (right hand)
Scrolls
 b - 2 scrolls of fog {unknown}
 c - a scroll of holy word {unknown}
 d - a scroll of enchant armour {unknown}
 g - a scroll of vulnerability {unknown}
 h - 2 scrolls of identify {unknown}
 j - 2 scrolls of immolation {unknown}
 m - a scroll of blinking {unknown}
Potions
 f - a potion of haste
 k - 2 potions of brilliance {unknown}
 n - 2 potions of lignification {unknown}
 p - 2 potions of attraction {unknown}
 q - 2 potions of degeneration {unknown}
 r - a potion of cancellation {unknown}


   Skills:
 - Level 1.7 Dodging
 - Level 1.7 Stealth
 + Level 2.5 Spellcasting
 * Level 4.7 Conjurations


You had 5 spell levels left.
You knew the following spells:

 Your Spells              Type           Power      Damage    Failure   Level
a - Magic Dart            Conj           100%       1d8       1%          1
b - Searing Ray           Conj           52%        2d6       2%          2

Your spell library contained the following spells:

 Spells                   Type           Power      Damage    Failure   Level
 Freeze                   Ice            12%        1d4       12%         1
 Dazzling Flash           Conj/Hex       28%        N/A       13%         3
 Ensorcelled Hibernation  Hex/Ice        6%         N/A       17%         2
 Passwall                 Tmut/Erth      2%         N/A       17%         2
 Frozen Ramparts          Ice            6%         1d2       34%         3
 Swiftness                Air            3%         N/A       34%         3
 Fulminant Prism          Conj/Hex       7%         3d7       38%         4
 Hailstorm                Conj/Ice       14%        3d5       38%         4
 Iskenderun's Mystic Bla  Conj/Tloc      14%        2d5       38%         4


Dungeon Overview and Level Annotations

Branches:
Dungeon (3/15)

Shops:
D:3 *


Innate Abilities, Weirdness & Mutations

You have an increased reservoir of magic. (+10% MP)
You shall have no god before yourself.
Your divine heritage dramatically boosts your attributes as you level up.


Message History

The wyvern zombie is lightly damaged.
The wyvern zombie bites you!
Casting: Magic Dart (safe; 1% risk of failure)
Confirm with . or Enter, or press ? or * to list all spells.
Aiming: Searing Ray (safe; 2% risk of failure)
Press: ? - help, Shift-Dir - straight line, f/p - wyvern zombie
Aim: a wyvern zombie (lightly damaged, 93% to hit)
The searing ray hits the wyvern zombie.
The wyvern zombie is lightly damaged. (Press . to maintain the ray.)
The wyvern zombie bites you. The wyvern zombie bites you!
* * * LOW HITPOINT WARNING * * *
Unknown command.
Okay, then.
Casting: Searing Ray (safe; 2% risk of failure)
Confirm with . or Enter, or press ? or * to list all spells.
Aiming: Searing Ray (safe; 2% risk of failure)
Press: ? - help, Shift-Dir - straight line, f/p - wyvern zombie
Aim: a wyvern zombie (lightly damaged, 93% to hit)
The searing ray hits the wyvern zombie.
The wyvern zombie is moderately damaged. (Press . to maintain the ray.)
The wyvern zombie barely misses you. x2
The searing ray hits the wyvern zombie.
The wyvern zombie is moderately damaged.
The wyvern zombie bites you but does no damage.
Unknown command.
The searing ray hits the wyvern zombie.
The wyvern zombie is heavily damaged.
The wyvern zombie closely misses you.
Unknown command.
The searing ray hits the wyvern zombie!
The wyvern zombie is severely damaged.
You finish channelling your searing ray.
The wyvern zombie barely misses you.
The wyvern zombie bites you but does no damage.
Unknown command.
It was a potion of haste.
You feel yourself speed up. The wyvern zombie bites you!
You die...

#. ..#.# #..#.
#.###.#.###...>
#.#.#)#.#....#.
....#.#......#.
#.#.#........#.
#.#.##.........
#.#.........###
#######..............
#..Z@.#........#+#.##
#.###.#.########.#..#
#. #.#.#........####
#. #...#.#####......
#. #.#...# #.##...
########.####### #...
.........#.....# #...
##.#####.#.###.#
.##...
#.#...#.#...#.#
#......


You could see a wyvern zombie.

Vanquished Creatures
  An iguana (D:3)
  A worm (D:2)
  2 dart slugs (D:1)
  3 ball pythons
  7 endoplasms
  2 giant cockroaches (D:2)
  5 goblins
  4 hobgoblins
  3 jackals (D:3)
  2 quokkas (D:2)
  6 bats
  A frilled lizard (D:3)
  2 kobolds (D:1)
  4 rats
43 creatures vanquished.

Notes
Turn   | Place    | Note
-------+----------+-------------------------------------------
     0 | D:1      | McKennaii the Demigod Conjurer began the quest for the Orb.
     0 | D:1      | Reached XP level 1. HP: 14/14 MP: 5/5
   368 | D:1      | Reached XP level 2. HP: 20/20 MP: 4/7
   406 | D:1      | Reached skill level 4 in Conjurations
  1285 | D:2      | Learned a level 2 spell: Searing Ray
  1897 | D:2      | Reached XP level 3. HP: 26/26 MP: 6/9
  3313 | D:3      | Found Giaddoj's Assorted Antiques.
  3321 | D:3      | Bought a dark potion for 26 gold pieces
  3321 | D:3      | Bought a scroll labelled LUMIHU GOGG for 29 gold pieces
  3321 | D:3      | Bought a blue potion for 26 gold pieces
  3353 | D:3      | Reached XP level 4. HP: 33/33 MP: 6/10
  3607 | D:3      | Slain by a wyvern zombie

Illustrated notes

Levels and vault maps discovered:
D:1:      dpeg_arrival_houses_and_road, layout_basic
D:2:      layout_loops_corners
D:3:      mumra_celtic_spiral_tile, layout_basic, serial_shops, shop

Skill      XL: |  1  2 |
---------------+-------+-----
Spellcasting   | 2 |  2.5
Conjurations   | 4 |  4.7
Dodging        | |  1.7
Stealth        | |  1.7

Action                   |  1- 3 |  4- 6 || total
-------------------------+-------+-------++-------
Melee: Unarmed           |     3 |       ||     3
 Cast: Magic Dart        |   105 |     3 ||   108
       Searing Ray       |     2 |     2 ||     4
  Use: Potion            |       |     1 ||     1
Armor: Robe              |       |     2 ||     2
Dodge: Dodged            |     7 |     5 ||    12
